Map: Orbital Shipyard

Players

capac - Winner!

  • Race: Terran Terran
  • League: Gold

Xenastro

  • Race: Zerg Zerg
  • League: Gold

VOD

Have the link to the VOD?

Description

Time

  • Played on: March 5, 2016, 3:04 p.m.
  • Length: 12:56
Show
View Real Time Build Order
Export as new Build Order

capac Terran - Winner!

Build Orders:  

Get SALT Encoding   

  12  0:01  SCV  
  13  0:13  SCV  
  14  0:18  Supply Depot  
  14  0:25  SCV  
  15  0:40  SCV  
  15  0:41  Barracks  
  16  0:46  Refinery  
  16  0:52  SCV  
  17  1:04  SCV  
  18  1:16  SCV  
  19  1:28  SCV  
  19  1:30  Barracks Reactor  
  20  1:36  Command Center  
  20  1:40  SCV  
  20  1:46  Supply Depot  
  22  1:55  Orbital Command  
  21  2:11  Barracks  
  21  2:18  Marine  
  21  2:20  Factory, Marine  
  23  2:25  SCV  
  24  2:37  SCV  
  24  2:38  Marine x2  
  27  2:50  SCV  
  27  2:51  Refinery, Orbital Command  
  28  2:58  Marine x2  
  28  3:02  SCV  
  28  3:03  Marine  
  32  3:06  Starport  
  32  3:07  Factory Reactor  
  32  3:19  Marine  
  33  3:20  Marine  
  33  3:24  SCV  
  33  3:25  SCV  
  36  3:28  Supply Depot  
  36  3:30  Barracks Tech Lab  
  36  3:36  SCV  
  36  3:37  SCV  
  38  3:43  Marine x2  
  40  3:49  SCV  
  41  3:55  Medivac  
  43  4:03  Marine x3  
  46  4:10  Medivac  
  46  4:11  SCV x2  
  46  4:14  Supply Depot  
  50  4:27  Command Center  
  50  4:28  Marine x2  
  50  4:29  Marine  
  53  4:32  SCV  
  53  4:36  SCV  
  53  4:37  Refinery  
  55  4:38  Supply Depot  
  55  4:39  Refinery  
  55  4:43  Liberator  
  55  4:56  Marine x3  
  55  4:58  Factory Tech Lab  
  58  5:03  SCV x2  
  63  5:14  Marine  
  63  5:15  Supply Depot, SCV x2  
  63  5:21  Siege Tank  
  69  5:22  Marine  
  69  5:24  Stimpack  
  70  5:37  Marine  
  66  6:01  SCV x2  
  66  6:02  Liberator x2  
  68  6:08  Siege Tank  
  71  6:11  Orbital Command  
  71  6:13  SCV x2  
  71  6:15  Barracks  
  73  6:20  Barracks  
  73  6:22  Barracks  
  79  6:27  Orbital Command  
  79  6:45  Liberator x2  
  79  6:49  SCV x2  
  79  6:50  Marine x2  
  79  6:51  Marine  
  84  7:01  SCV x2  
  84  7:04  Barracks Reactor  
  92  7:13  SCV  
  93  7:18  Supply Depot  
  93  7:19  Barracks Reactor, SCV x2  
  93  7:20  Supply Depot  
  95  7:23  Siege Tank  
  95  7:25  SCV  
  95  7:26  Barracks Reactor  
  95  7:28  Barracks, Liberator x2  
  99  7:31  SCV  
  99  7:32  SCV  
  101  7:49  Refinery, SCV  
  101  7:50  Refinery, SCV x2  
  110  7:52  Marine x3  
  110  7:53  Marine  
  110  7:54  Marine  
  115  8:03  Marine  
  115  8:04  Marine x3  
  119  8:09  Supply Depot  
  119  8:13  Supply Depot  
  119  8:15  Siege Tank  
  119  8:18  Engineering Bay, Barracks Reactor  
  119  8:19  Engineering Bay  
  122  8:33  SCV x3  
  125  8:39  Supply Depot  
  125  8:40  Supply Depot  
  125  8:42  Marine x2  
  125  8:43  Marine x5  
  125  8:44  Medivac  
  125  8:45  Medivac  
  136  8:54  Siege Tank  
  97  9:53  Marine x3  
  97  9:54  Marine x5  
  97  9:55  Marine  
  106  10:05  Marine  
  107  10:11  Marine x4  
  111  10:16  Marine x4  
  111  10:18  Liberator x2  
  116  10:23  Marine, Barracks Reactor  
  116  10:29  Marine x4  
  116  10:30  SCV x3  
  116  10:33  Marine  
  116  10:34  Marine  
  125  10:37  Factory Tech Lab  
  125  10:42  SCV  
  132  10:44  Missile Turret  
  132  10:51  Marine x2  
  132  10:52  Marine x6  
  140  10:59  Terran Infantry Weapons Level 1, Terran Infantry Armor Level 1  
  140  11:00  Starport  
  140  11:02  Armory  
  140  11:04  Supply Depot  
  140  11:06  Supply Depot, Missile Turret  
  140  11:10  Command Center  
  140  11:16  Marine x5  
  140  11:17  Marine x4  
  140  11:18  Marine, Medivac x2  
  150  11:19  Marine  
  155  11:34  Marine  
  155  11:35  Marine x5  
  155  11:36  Marine x4  
  155  11:39  Starport Reactor  
  165  11:41  Starport, Siege Tank  
  168  11:49  Medivac x2  
  172  11:58  Command Center  
  172  12:09  Barracks Tech Lab  
  172  12:22  Medivac x2  
  176  12:25  Supply Depot  
  176  12:26  Supply Depot  
  176  12:27  Supply Depot  
Show
View Real Time Build Order
Export as new Build Order

Xenastro Zerg 

Build Orders: Hatch First 

Get SALT Encoding   

  12  0:02  Drone  
  13  0:08  Drone  
  14  0:18  Overlord  
  14  0:36  Drone x2  
  14  0:37  Drone  
  17  0:49  Drone  
  18  0:58  Hatchery  
  18  1:00  Drone  
  18  1:09  Drone  
  18  1:10  Extractor  
  18  1:20  Spawning Pool  
  17  1:28  Drone  
  18  1:36  Drone  
  19  1:44  Overlord  
  19  2:10  Queen  
  19  2:12  Queen  
  23  2:17  Metabolic Boost  
  23  2:19  Zergling x2  
  23  2:20  Zergling x2, Drone x2  
  27  2:25  Drone  
  28  2:32  Drone x2  
  30  2:43  Drone  
  31  2:56  Queen x2  
  35  3:06  Overlord  
  35  3:07  Drone  
  35  3:09  Overlord  
  36  3:19  Roach Warren  
  35  3:27  Drone x5  
  35  3:28  Evolution Chamber, Drone x2  
  41  3:37  Drone x4  
  45  4:00  Extractor  
  44  4:04  Extractor  
  44  4:06  Extractor  
  44  4:07  Zerg Ground Armor Level 1  
  42  4:16  Roach x2  
  48  4:17  Roach  
  48  4:18  Overlord x3  
  48  4:47  Roach x3  
  53  5:02  Drone x2  
  53  5:03  Drone x2  
  57  5:19  Overlord  
  57  5:24  Drone x3  
  57  5:25  Drone x3  
  63  5:35  Overlord  
  63  5:36  Roach x2  
  63  5:37  Roach x3  
  66  5:50  Roach x2  
  67  5:59  Queen  
  69  6:24  Zerg Missile Weapons Level 1  
  69  6:26  Lair  
  69  6:35  Queen  
  71  6:41  Roach  
  71  6:43  Roach x2  
  71  6:44  Overlord x3, Roach x2  
  81  7:00  Drone x2  
  83  7:10  Evolution Chamber  
  83  7:11  Roach  
  83  7:13  Roach x4  
  92  7:21  Drone  
  93  7:26  Drone x3  
  96  7:35  Nydus Network  
  95  7:43  Zerg Ground Armor Level 2  
  95  7:49  Queen  
  97  7:58  Glial Reconstitution  
  97  8:07  Drone x3  
  97  8:08  Drone x2  
  102  8:15  Overseer  
  102  8:23  Hatchery  
  101  8:27  Overlord x2  
  101  8:28  Zergling x4  
  101  8:29  Zergling x4  
  101  8:30  Zergling x2  
  106  8:47  Extractor  
  106  8:48  Zergling x6  
  106  8:49  Zergling x4  
  106  8:52  Extractor  
  109  9:00  Nydus Canal  
  102  9:13  Zergling x12  
  92  9:25  Zergling x4  
  71  9:45  Zergling x4  
  64  9:46  Zergling x4  
  55  10:01  Zerg Missile Weapons Level 2  
  55  10:10  Hydralisk Den, Drone x3  
  55  10:11  Drone x4  
  55  10:12  Drone  
  62  10:22  Queen  
  62  10:27  Overlord  
  62  10:28  Roach x3  
  70  10:41  Drone x2  
  70  10:42  Drone x3  
  75  10:48  Hydralisk x3, Muscular Augments  
  75  10:49  Hydralisk x2  
  85  10:56  Drone x3  
  88  10:57  Queen  
  90  11:08  Hydralisk x3  
  90  11:09  Hydralisk x4  
  104  11:20  Infestation Pit  
  103  11:35  Drone x5  
  108  11:45  Hydralisk x4  
  108  11:46  Hydralisk x5  
  122  11:49  Drone  
  122  11:51  Drone  
  128  12:01  Hydralisk x2  
  128  12:05  Overlord  
  132  12:23  Zergling x4  
  132  12:24  Zergling x2  
  108  12:47  Hatchery  
Tags
 
Add a new tag
Caveats
  • Supply blocks, unpowered buildings, or Contaminate may cause inaccurate times.
  • Supply counts are checked every 10 seconds.